 Dungeon Crawl Stone Soup version 0.22-a0-533-g4d20840 (webtiles) character file.

11 iamserjio the Charmwright (level 2, -1/15 HPs)
             Began as a Vine Stalker Skald on June 22, 2018.
             Slain by a hound (3 damage)
             ... on level 2 of the Dungeon.
             The game lasted 00:01:11 (184 turns).

iamserjio the Charmwright (Vine Stalker Skald)       Turns: 184, Time: 00:01:12

Health: -1/15      AC:  3    Str: 13    XL:     2   Next: 25%
Magic:  0/6        EV: 11    Int: 13    God:
Gold:   0          SH:  0    Dex: 13    Spells: 4/5 levels left

rFire    . . .     SeeInvis .   a - +0 hand axe
rCold    . . .     Gourm    .   (no shield)
rNeg     . . .     Faith    .   b - +0 leather armour
rPois    .         Spirit   +   (no helmet)
rElec    .         Reflect  .   (no cloak)
rCorr    .         Harm     .   (no gloves)
MR       .....                  (no boots)
Stlth    +.........             (no amulet)
HPRegen  0.05/turn              (no ring)
MPRegen  0.10/turn              (no ring)

@: no status effects
A: fangs 2, magic shield, antimagic bite, no potion heal 3, rot immunity
a: no special abilities


You were on level 2 of the Dungeon.
You were not hungry.

You visited 1 branch of the dungeon, and saw 2 of its levels.

Inventory:

Hand Weapons
 a - a +0 hand axe (weapon)
Armour
 b - a +0 leather armour (worn)
Comestibles
 d - a ration


   Skills:
 + Level 2.1 Fighting
 * Level 2.3 Axes
 - Level 0.7 Armour
 - Level 1.5 Dodging
 - Level 2.1 Spellcasting
 - Level 3.0 Charms


You had 4 spell levels left.
You knew the following spells:

 Your Spells              Type           Power        Failure   Level  Hunger
a - Infusion              Chrm           #...         10%         1    ##.....

Your spell library contained the following spells:

 Spells                   Type           Power        Failure   Level  Hunger
 Regeneration             Chrm/Necr      #.........   45%         3    ####...
 Shroud of Golubria       Chrm/Tloc      #.........   26%         2    ###....
 Song of Slaying          Chrm           #.......     14%         2    ###....
 Spectral Weapon          Hex/Chrm       #.......     45%         3    ####...


Dungeon Overview and Level Annotations

Branches:
Dungeon (2/15)

Altars:


Innate Abilities, Weirdness & Mutations

You have extremely sharp teeth.
When hurt, damage is shared between your health and your magic reserves.
Your bite disrupts and absorbs the magic of your enemies.
Potions cannot restore your health.
You are immune to rotting.


Message History

The bat hits you but does no damage. The bat barely misses you.
You are no longer magically infusing your attacks.
The hound barks!
The bat closely misses you. The bat barely misses you.
You hit the hound.
The hound is moderately wounded.
The hound bites you.
* * * LOW HITPOINT WARNING * * *
The hound barely misses you.
You closely miss the hound.
The hound is moderately wounded.
You completely miss the bat. The bat barely misses you.
The hound closely misses you. The bat completely misses you.
You hit the hound.
The hound is moderately wounded.
You closely miss the bat. The bat closely misses you. The hound bites you.
* * * LOW HITPOINT WARNING * * *
The hound bites you.
You die...

... #. ...##.
....#.# ....h..
.!.....########
.......!......#
#....b#
#.###.#####
#..h@.....#
######.###.#
#......#
#.###### #.#
#.# #.#
#.########
#........#


You could see a hound and a bat.

Vanquished Creatures
  An adder (D:2)
  A leopard gecko (D:2)
2 creatures vanquished.

Notes
Turn   | Place    | Note
-------+----------+-------------------------------------------
     0 | D:1      | iamserjio the Vine Stalker Skald began the quest for the Orb.
     0 | D:1      | Reached XP level 1. HP: 11/11 MP: 4/4
   175 | D:2      | Reached XP level 2. HP: 5/15 MP: 0/6
   184 | D:2      | Slain by a hound

Vault maps used:
D:1:      dpeg_arrival_yet_another_circle
D:2:      okawaru_metal_pillars_1_2, first_ration

Skill      XL: |  1 |
---------------+----+-----
Fighting       | 2 |  2.1
Axes           | 2 |  2.3
Armour         | |  0.7
Dodging        | |  1.5
Spellcasting   | |  2.1
Charms         | |  3.0

Action                   || total
-------------------------++-------
Melee: Hand axe          ||    16
       Bite              ||     1
 Cast: Infusion          ||     2
Armor: Leather armour    ||     4
Dodge: Dodged            ||    27

Table legend:
 A = Spawn XP
 B = Non-spawn XP
 C = Spawn XP percentage of total XP
 D = Spawn monster count
 E = Non-spawn monster count
 F = Spawn count percentage of total count
 G = Total turns spent on level
                    A         B        C        D         E        F      G
               +---------+---------+-------+---------+---------+-------+---------
         Total |       0 |      16 |   0.0 |       0 |       2 |   0.0 |   184
               +---------+---------+-------+---------+---------+-------+---------
           D:2 |       0 |      16 |   0.0 |       0 |       2 |   0.0 |   125
               +---------+---------+-------+---------+---------+-------+---------
